 Dungeon Sprint DCSS version 0.23-a0-242-g2b5ca64 (webtiles) character file.

70709 Kidiri the Peltast (level 14, -5/147 HPs)
             Began as a Minotaur Fighter on Sept 28, 2018.
             Was a High Priest of Okawaru.
             Killed by divine providence
             ... invoked by a black draconian stormcaller
              (12 damage)
             ... in the Dungeon (Sprint VII: "The Pits").
             The game lasted 00:40:54 (7429 turns).

Kidiri the Peltast (Minotaur Fighter)               Turns: 7429, Time: 00:40:54

Health: -5/147     AC: 55    Str: 24    XL:     14   Next: 95%
Magic:  17/21      EV: 21    Int:  3    God:    Okawaru [*****.]
Gold:   54         SH: 18    Dex: 12    Spells: 3/24 levels left

rFire    . . .     SeeInvis .   I - +3 double sword
rCold    . . .     Gourm    .   J - +0 shield {reflect}
rNeg     . . .     Faith    .   b - +27 Lear's hauberk
rPois    .         Spirit   .   (helmet currently unavailable)
rElec    .         Reflect  +   x - +1 cloak
rCorr    .         Harm     .   (gloves currently unavailable)
MR       +....     NoTele   +   (boots currently unavailable)
Stlth    +++.......             (no amulet)
HPRegen  0.00/turn              E - +3 ring of protection
MPRegen  0.17/turn              s - +3 ring of protection

@: lethally poisoned (-5 -> -45), heroism, finesse, slowed, very slow
A: retaliatory headbutt, horns 2, iridescent scales 1, blurry vision 1,
deterioration 1, dopey 1, inhibited regeneration
a: Heroism, Finesse, Renounce Religion


You were in the Dungeon.
You worshipped Okawaru.
Okawaru was extremely pleased with you.
You were not hungry.

You visited 1 branch You collected 54 gold pieces.

Inventory:

Hand Weapons
 a - a +3 long sword of flaming
 w - a +2 scimitar of holy wrath
 I - a +3 double sword (weapon)
Missiles
 c - 4 silver javelins (quivered)
 p - 9 stones
 A - 7 tomahawks of returning
 C - 5 steel javelins
 D - 4 poisoned tomahawks
 G - 2 javelins of penetration
Armour
 b - the +27 Lear's hauberk (worn)
   (You found it in the Dungeon)
 g - a +2 pair of boots of flying
 x - a +1 cloak (worn)
 J - a +0 shield of reflection (worn)
Jewellery
 r - a +3 ring of intelligence
 s - a +3 ring of protection (right hand)
 v - an uncursed ring of protection from magic
 E - a +3 ring of protection (left hand)
 F - an uncursed ring of ice
Scrolls
 k - 2 scrolls of blinking
 m - 4 scrolls of remove curse
 n - 5 scrolls of amnesia
 o - a scroll of summoning
 B - 2 scrolls of identify
Potions
 d - 4 potions of might
 h - 3 potions of haste
 i - 4 potions of magic
 j - 4 potions of berserk rage
 l - 2 potions of invisibility
 t - 4 potions of brilliance
 u - 3 potions of agility
Comestibles
 f - 11 rations


   Skills:
 * Level 19.8(24.8) Fighting
 * Level 19.7(24.7) Long Blades
 + Level 12.3(17.3) Throwing
 * Level 19.8(24.8) Armour
 * Level 18.3(23.3) Dodging
 + Level 11.5(16.5) Stealth
 * Level 19.9(24.9) Shields
 + Level 5.8 Spellcasting
 - Level 7.7 Invocations


You had 3 spell levels left.
You knew the following spells:

 Your Spells              Type           Power        Failure   Level  Hunger
a - Conjure Flame         Conj/Fire      #.......     95%         3    ####...
b - Poisonous Vapours     Pois/Air       #.....       80%         2    ###....
c - Mephitic Cloud        Conj/Pois/Air  #.......     95%         3    ####...
d - Freezing Cloud        Conj/Ice/Air   #.........   100%        6    #######
e - Ring of Flames        Chrm/Fire      #.........   100%        7    #######

Your spell library contained the following spells:

 Spells                   Type           Power        Failure   Level  Hunger


Dungeon Overview and Level Annotations

Branches:
Dungeon (1/1)

Altars:
Ashenzari
Cheibriados
Dithmenos
Elyvilon
Fedhas
Gozag
Hepliaklqana
Kikubaaqudgha
Makhleb
Nemelex Xobeh
Okawaru
Qazlal
Ru
Sif Muna
Trog
Uskayaw
Vehumet
Wu Jian
Xom
Yredelemnul
Zin
The Shining One
Beogh
Jiyva
Lugonu

Annotations:
D exclusion: 7 doors


Innate Abilities, Weirdness & Mutations

You reflexively headbutt those who attack you in melee.
You have a pair of horns on your head.
You are partially covered in iridescent scales. (AC +2)
Scrolls take you a little longer to read.
Your body sometimes deteriorates upon taking damage.
You are dopey. (Int -2)
You do not regenerate when monsters are visible.


Message History

You feel very sick.
The sphinx casts a spell.
You feel as though you will be slow longer.
The deep elf annihilator casts a spell.
The deep elf annihilator blinks!
The deep elf death mage hits you but does no damage.
You block the sphinx's attack. The sphinx closely misses you.
The sphinx hits you but does no damage.
* * * LOW HITPOINT WARNING * * *
You feel very sick.
The deep elf annihilator casts a spell.
The deep elf annihilator blinks!
The sphinx hits you!
* * * LOW HITPOINT WARNING * * *
The sphinx hits you but does no damage. x2
Unknown command.
* * * LOW HITPOINT WARNING * * *
You feel very sick.
The black draconian stormcaller invokes the aid of Qazlal against you.
Qazlal smites you!
You die...

.......#+#+#[[[#[.#
...#.#.#...#[#[#.)#
...........#[[[#..#
...#.#.#.#.###+#(.#
...#...#....)..#..#
################''#
####''# #..[()#
.....#.@## ....
##H:# ... #(.## (#
##ek# #*{q# ..eH§#
#..#..:# #..###.:#
.... ..##


You could see 2 sphinxes, a black draconian stormcaller, a death drake, a deep
elf annihilator, a deep elf death mage and a lost soul.

Vanquished Creatures
  An orb of fire (D)
  An ancient lich (D)
  A Hell Sentinel (D)
  2 sphinxes (D)
  Donald (D)
  A draconian scorcher (D)
  An emperor scorpion (D)
  A ghost moth (D)
  A draconian shifter (D)
  A cacodemon (D)
  2 orc warlords (D)
  A green draconian (D)
  A deep elf demonologist (D)
  A red draconian (D)
  A deep elf annihilator (D)
  A white draconian (D)
  A deep elf death mage (D)
  A yaktaur captain (D)
  A deep elf high priest (D)
  An ice dragon (D)
  A hydra (D)
  3 naga warriors (D)
  4 vault guards (D)
  A centaur warrior (D)
  An anaconda (D)
  2 alligator snapping turtles (D)
  2 two-headed ogres (D)
  2 ogre magi (D)
  A dancing weapon (D)
  A vampire mage (D)
  2 deep elf knights (D)
  A shadow wraith (D)
  An unseen horror (D)
  3 deep trolls (D)
  A swamp dragon (D)
  A harpy (D)
  11 orc knights (D)
  An ugly thing (D)
  3 deep elf magi (D)
  A manticore (D)
  A wolf spider (D)
  A guardian serpent (D)
  A merfolk siren (D)
  An elephant (D)
  3 black mambas (D)
  A molten gargoyle (D)
  A gargoyle (D)
  An orange demon (D)
  A spiny frog (D)
  4 yaktaurs (D)
  A rime drake (D)
  An ice devil (D)
  A demonic crawler (D)
  A wandering mushroom (D)
  A jumping spider (D)
  A guardian mummy (D)
  4 polar bears (D)
  A tyrant leech (D)
  A snapping turtle (D)
  5 dream sheep (D)
  2 wind drakes (D)
  A large abomination (D)
  2 ynoxinuls (D)
  6 redbacks (D)
  A tarantella (D)
  A shadow (D)
  5 yaks (D)
  A fire bat (D)
  A wraith (D)
  A basilisk (D)
  A fire elemental (D)
  A neqoxec (D)
  A steam dragon (D)
  A warg (D)
  11 vampire mosquitoes (D)
  A water moccasin (D)
  A floating eye (D)
  A swamp drake (D)
  A necrophage (D)
  A centaur (D)
  A big kobold (D)
  A gnoll sergeant (D)
  2 scorpions (D)
  A crimson imp (D)
  A quasit (D)
  2 orc priests (D)
  2 orc wizards (D)
  3 worker ants (D)
  5 gnolls (D)
  2 adders (D)
  2 river rats (D)
  An ufetubus (D)
  A worm (D)
  2 leopard geckos (D)
  4 orcs (D)
  A bat skeleton (D)
  3 bat zombies (D)
  A giant cockroach (D)
  A ball python skeleton (D)
  2 frilled lizards (D)
  A giant cockroach simulacrum (D)
  A kobold (D)
  A quokka skeleton (D)
  A rat (D)
180 creatures vanquished.

Notes
Turn   | Place    | Note
-------+----------+-------------------------------------------
     0 | D        | Kidiri the Minotaur Fighter began the quest for the Orb.
     0 | D        | Reached XP level 1. HP: 19/19 MP: 0/0
    61 | D        | Found a bloodstained altar of Trog.
    61 | D        | Found a deep blue altar of Sif Muna.
    61 | D        | Found a viscous altar of Jiyva.
    61 | D        | Found a hazy altar of Hepliaklqana.
    61 | D        | Found an opulent altar of Gozag.
    62 | D        | Found a glowing golden altar of the Shining One.
    62 | D        | Found a glowing silver altar of Zin.
    62 | D        | Found a basalt altar of Yredelemnul.
    62 | D        | Found a shimmering altar of Xom.
    62 | D        | Found an ornate altar of the Wu Jian Council.
    62 | D        | Found a sacrificial altar of Ru.
    62 | D        | Found a stormy altar of Qazlal.
    62 | D        | Found an iron altar of Okawaru.
    62 | D        | Found a sparkling altar of Nemelex Xobeh.
    62 | D        | Found a burning altar of Makhleb.
    62 | D        | Found a blossoming altar of Fedhas.
    62 | D        | Found a white marble altar of Elyvilon.
    62 | D        | Found a shadowy altar of Dithmenos.
    62 | D        | Found a snail-covered altar of Cheibriados.
    64 | D        | Found a radiant altar of Vehumet.
    64 | D        | Found a corrupted altar of Lugonu.
    64 | D        | Found a roughly hewn altar of Beogh.
    65 | D        | Found a hide-covered altar of Uskayaw.
    65 | D        | Found an ancient bone altar of Kikubaaqudgha.
    65 | D        | Found a shattered altar of Ashenzari.
    70 | D        | Became a worshipper of Warmaster Okawaru
    94 | D        | Reached skill level 1 in Dodging
    94 | D        | Reached XP level 2. HP: 26/27 MP: 1/1
   106 | D        | Reached skill level 1 in Throwing
   110 | D        | Reached skill level 1 in Stealth
   289 | D        | Reached skill level 1 in Invocations
   289 | D        | Reached XP level 3. HP: 29/35 MP: 2/2
   392 | D        | Noticed a scorpion
   394 | D        | Reached skill level 5 in Fighting
   394 | D        | Reached skill level 5 in Shields
   398 | D        | Killed a scorpion
   398 | D        | Reached skill level 5 in Armour
   398 | D        | Reached XP level 4. HP: 42/42 MP: 2/4
   480 | D        | Noticed a gnoll sergeant
   502 | D        | Reached skill level 5 in Long Blades
   505 | D        | Killed a gnoll sergeant
   505 | D        | Reached * piety under Okawaru
   505 | D        | Reached XP level 5. HP: 47/50 MP: 5/5
   525 | D        | Reached skill level 5 in Dodging
   525 | D        | Reached XP level 6. HP: 43/60 MP: 5/7
   557 | D        | Reached ** piety under Okawaru
   642 | D        | Noticed a dream sheep
   645 | D        | Killed a dream sheep
   645 | D        | Reached XP level 7. HP: 68/68 MP: 8/8
   692 | D        | Noticed a fire bat
   705 | D        | Killed a fire bat
   745 | D        | Noticed a vampire mosquito
   745 | D        | Noticed a vampire mosquito
   745 | D        | Noticed a basilisk
   745 | D        | Noticed a vampire mosquito
   749 | D        | Killed a vampire mosquito
   757 | D        | Killed a vampire mosquito
   762 | D        | Killed a vampire mosquito
   762 | D        | Reached XP level 8. HP: 72/78 MP: 8/10
   769 | D        | Reached *** piety under Okawaru
  1051 | D        | Reached skill level 5 in Throwing
  1051 | D        | Reached skill level 5 in Invocations
  1059 | D        | Reached skill level 10 in Shields
  1083 | D        | Noticed a rime drake
  1083 | D        | Noticed a guardian mummy
  1092 | D        | Killed a rime drake
  1092 | D        | Reached **** piety under Okawaru
  1092 | D        | Reached skill level 10 in Fighting
  1092 | D        | Reached skill level 10 in Armour
  1092 | D        | Reached skill level 5 in Stealth
  1097 | D        | Reached XP level 9. HP: 66/85 MP: 8/12
  1102 | D        | Reached skill level 10 in Long Blades
  1107 | D        | Killed a guardian mummy
  1271 | D        | Noticed a manticore
  1279 | D        | Paralysed by a floating eye for 4 turns
  1287 | D        | Killed a manticore
  1289 | D        | Noticed a demonic crawler
  1289 | D        | Noticed an ice devil
  1295 | D        | Killed an ice devil
  1295 | D        | Received a gift from Okawaru
  1307 | D        | Killed a demonic crawler
  1307 | D        | Received a gift from Okawaru
  1415 | D        | Noticed a black mamba
  1420 | D        | Killed a black mamba
  1420 | D        | Reached ***** piety under Okawaru
  1421 | D        | Noticed a polar bear
  1421 | D        | Noticed a polar bear
  1427 | D        | Reached skill level 10 in Dodging
  1433 | D        | Killed a polar bear
  1433 | D        | Reached XP level 10. HP: 86/97 MP: 7/13
  1516 | D        | Killed an unseen horror
  1516 | D        | Received a gift from Okawaru
  1543 | D        | Noticed a guardian serpent
  1549 | D        | Killed a guardian serpent
  1565 | D        | Killed a shadow wraith
  1565 | D        | Received a gift from Okawaru
  1808 | D        | Noticed an elephant
  1815 | D        | Killed an elephant
  1841 | D        | Noticed a deep elf mage
  1841 | D        | Noticed a deep troll
  1841 | D        | Noticed an orange demon
  1841 | D        | Noticed a two-headed ogre
  1863 | D        | Noticed a centaur warrior
  1877 | D        | Killed a two-headed ogre
  1884 | D        | Killed an orange demon
  1908 | D        | Killed a deep troll
  1914 | D        | Killed a centaur warrior
  1914 | D        | Reached XP level 11. HP: 49/107 MP: 9/15
  1929 | D        | Received a gift from Okawaru
  1948 | D        | Killed a deep elf mage
  2263 | D        | Gained mutation: You have a pair of large horns on your
                  | head. [potion of mutation]
  2263 | D        | Gained mutation: You do not regenerate when monsters are
                  | visible. [potion of mutation]
  2263 | D        | Gained mutation: You can translocate small distances at
                  | will. [potion of mutation]
  2264 | D        | Lost mutation: You have a pair of large horns on your head.
                  | [potion of mutation]
  2264 | D        | Lost mutation: You can translocate small distances at will.
                  | [potion of mutation]
  2264 | D        | Gained mutation: You are partially covered in iridescent
                  | scales. (AC +2) [potion of mutation]
  2582 | D        | Noticed a wolf spider
  2594 | D        | Killed a wolf spider
  2719 | D        | Noticed an orc knight
  2719 | D        | Noticed a deep troll
  2728 | D        | Killed an orc knight
  2744 | D        | Killed a deep troll
  2962 | D        | Noticed a deep troll
  2962 | D        | Noticed an emperor scorpion
  2964 | D        | Noticed a deep elf mage
  2964 | D        | Noticed a green ugly thing
  2975 | D        | Killed a green ugly thing
  2978 | D        | Noticed an eight-headed hydra
  2984 | D        | Killed a deep troll
  2985 | D        | Noticed an ice dragon
  2985 | D        | Noticed a swamp dragon
  2988 | D        | Killed a deep elf mage
  3002 | D        | Killed a three-headed hydra
  3002 | D        | Reached XP level 12. HP: 53/118 MP: 10/16
  3006 | D        | Noticed an anaconda
  3014 | D        | Killed an anaconda
  3020 | D        | Received a gift from Okawaru
  3033 | D        | Reached skill level 15 in Shields
  3041 | D        | Reached skill level 15 in Fighting
  3049 | D        | Killed an ice dragon
  3049 | D        | Reached skill level 15 in Armour
  3051 | D        | Reached skill level 15 in Long Blades
  3077 | D        | Killed an emperor scorpion
  3095 | D        | Received a gift from Okawaru
  3116 | D        | Found the +9 staff of Olgreb {rPois}
  3158 | D        | Got the +8 chain mail of the Hurricane {Str+2}
  3223 | D        | Learned a level 3 spell: Conjure Flame
  3423 | D        | Noticed an alligator snapping turtle
  3423 | D        | Noticed a sphinx
  3424 | D        | Noticed a yellow draconian scorcher
  3424 | D        | Noticed Donald
  3487 | D        | Killed Donald
  3530 | D        | Paralysed by a sphinx for 6 turns
  3548 | D        | Killed a sphinx
  3548 | D        | Reached skill level 1 in Spellcasting
  3863 | D        | Killed an alligator snapping turtle
  3902 | D        | Killed a yellow draconian scorcher
  3902 | D        | Reached XP level 13. HP: 64/129 MP: 14/17
  3944 | D        | Got the +8 ice dragon scales of Elitism {rF- rC++ Int+4
                  | Stlth-}
  4023 | D        | Reached skill level 10 in Throwing
  4257 | D        | Noticed an orc warlord
  4277 | D        | Reached skill level 15 in Dodging
  4365 | D        | Received a gift from Okawaru
  4842 | D        | Received a gift from Okawaru
  4884 | D        | Noticed an orc warlord
  4895 | D        | Killed an orc warlord
  4895 | D        | Received a gift from Okawaru
  5059 | D        | Received a gift from Okawaru
  5218 | D        | Noticed a white draconian
  5243 | D        | Killed an orc warlord
  5243 | D        | Reached skill level 10 in Stealth
  5250 | D        | Received a gift from Okawaru
  5304 | D        | Killed a white draconian
  5323 | D        | Received a gift from Okawaru
  5682 | D        | Found the +6 arbalest "Damnation" {damnation}
  5717 | D        | Received a gift from Okawaru
  5718 | D        | Found the +2 robe of Vines {NoPotionHeal Regen+7}
  5807 | D        | Found the +27 Lear's hauberk
  5881 | D        | Reached XP level 14. HP: 143/143 MP: 19/19
  5996 | D        | Noticed a Hell Sentinel
  6012 | D        | Killed a Hell Sentinel
  6162 | D        | Killed a ghost moth
  6277 | D        | Noticed an ancient lich
  6280 | D        | Killed an ancient lich
  6329 | D        | Noticed an orb of fire
  6330 | D        | Gained mutation: You are dopey. (Int -2) [an orb of fire]
  6336 | D        | Gained mutation: Your body sometimes deteriorates upon
                  | taking damage. [an orb of fire]
  6340 | D        | Gained mutation: Scrolls take you a little longer to read.
                  | [an orb of fire]
  6350 | D        | Killed an orb of fire
  6350 | D        | Reached skill level 5 in Spellcasting
  6380 | D        | Noticed a cacodemon
  6386 | D        | Killed a cacodemon
  6446 | D        | Received a gift from Okawaru
  6476 | D        | Noticed a black draconian shifter
  6476 | D        | Noticed a sphinx
  6514 | D        | Noticed a sphinx
  6608 | D        | Killed a black draconian shifter
  6779 | D        | Noticed a sphinx
  6963 | D        | Killed a sphinx
  7022 | D        | Noticed a balrug
  7090 | D        | Paralysed by an ogre mage for 7 turns
  7381 | D        | Learned a level 2 spell: Poisonous Vapours
  7385 | D        | Learned a level 3 spell: Mephitic Cloud
  7392 | D        | Learned a level 6 spell: Freezing Cloud
  7400 | D        | Learned a level 7 spell: Ring of Flames
  7410 | D        | Noticed a black draconian stormcaller
  7417 | D        | Paralysed by a sphinx for 5 turns
  7429 | D        | HP: 7/147 [poisoned by a deep elf annihilator (poison
                  | arrow)]
  7429 | D        | Killed from afar by a black draconian stormcaller

Vault maps used:
D:        pitsprint

Skill      XL: |  1  2  3  4  5  6  7  8  9 10 11 12 13 14 |
---------------+-------------------------------------------+-----
Fighting       | 4 5 6 7 8 9 10 11 13 14 16 18 19 | 19.8
Long Blades    | 3 4 5 6 7 8 9 11 12 14 16 17 19 | 19.7
Armour         | 4 5 6 7 8 9 10 11 13 14 16 18 19 | 19.8
Dodging        | 1 2 3 4 5 6 7 8 10 11 13 14 16 18 | 18.3
Shields        | 4 5 6 7 8 9 10 11 13 14 16 18 19 | 19.9
Throwing       | 1 2 3 4 5 6 7 8 9 11 12 | 12.3
Stealth        | 1 2 3 4 5 6 8 9 10 11 | 11.5
Invocations    | 1 2 3 4 5 6 7 |  7.7
Spellcasting   | 1 4 5 |  5.8

Action                   |  1- 3 |  4- 6 |  7- 9 | 10-12 | 13-15 || total
-------------------------+-------+-------+-------+-------+-------++-------
Melee: Falchion          |    23 |     2 |       |       |       ||    25
       Long sword        |     2 |    39 |   114 |   412 |   301 ||   868
       Headbutt          |     6 |     8 |    28 |   135 |   130 ||   307
       Scimitar          |       |       |    10 |       |       ||    10
       Double sword      |       |       |       |       |   142 ||   142
Throw: Stone             |       |     1 |     1 |     7 |       ||     9
       Tomahawk          |       |       |       |     5 |    19 ||    24
       Javelin           |       |       |       |       |    12 ||    12
Invok: Heroism           |       |       |     8 |    17 |    19 ||    44
       Finesse           |       |       |     1 |    10 |    15 ||    26
  Use: Potion            |     1 |       |     2 |    12 |     8 ||    23
       Scroll            |       |       |       |     8 |     1 ||     9
 Stab: Confused          |       |       |     2 |       |       ||     2
       Sleeping          |       |       |       |       |     2 ||     2
  Eat: Chunk             |       |       |     2 |     5 |     4 ||    11
       Ration            |       |       |       |     1 |     2 ||     3
Armor: Scale mail        |    10 |     1 |       |       |       ||    11
       Chain mail        |       |    14 |    33 |    22 |    72 ||   141
       Plate armour      |       |       |    68 |   126 |       ||   194
       Ice dragon scales |       |       |       |       |    49 ||    49
Dodge: Dodged            |     6 |    15 |    49 |   146 |   117 ||   333
Block: Shield            |    12 |    17 |    66 |   255 |   188 ||   538
       Reflection        |       |       |       |       |    16 ||    16
       Rpst.: Long sword |       |     3 |     9 |    24 |    10 ||    46
       Scimitar          |       |       |     1 |       |       ||     1
       Double sword      |       |       |       |       |     4 ||     4

Table legend:
 A = Non-vault XP
 B = Vault XP
 C = Vault XP percentage of total XP
 D = Non-vault monster count
 E = Vault monster count
 F = Vault count percentage of total count
                 A         B        C        D         E       F
            +---------+---------+-------+---------+---------+-------
      Total |       0 |  101014 | 100.0 |       0 |     180 | 100.0
            +---------+---------+-------+---------+---------+-------
          D |       0 |  101014 | 100.0 |       0 |     180 | 100.0
            +---------+---------+-------+---------+---------+-------
